 Dungeon Crawl Stone Soup version 0.31-a0-845-g9abc20d24f (webtiles) character file.

Game seed: 5455074739991987273

41 mopl the Insei (level 3, -1/23 HPs)
             Began as an Octopode Shapeshifter on Oct 1, 2023.
             Slain by Terence
             ... wielding a +0 short sword
              (3 damage)
             ... on level 2 of the Dungeon.
             The game lasted 00:01:14 (1085 turns).

mopl the Insei (Octopode Shapeshifter)              Turns: 1085, Time: 00:01:14

Health: -1/23      AC:  1    Str: 13    XL:     3   Next: 52%
Magic:  3/3        EV: 13    Int: 12    God:
Gold:   59         SH:  0    Dex: 13    Spells: 2/2 levels left

rFire   . .          .
                       - Unarmed
rCold   . . .        (no shield)
rNeg    . . .        (helmet currently unavailable)
rPois   .            g - amulet of magic regeneration
rElec   .            (no ring)
rCorr   .            (no ring)
SInv    .            (no ring)
Will    .....        (no ring)
Stlth   ++           (no ring)
HPRegen 0.23/turn    (no ring)
MPRegen 0.48/turn    (no ring)
                     (no ring)

%: no passive effects
@: beast-form
A: beast (slay +1), almost no armour, amphibious, 8 rings, camouflage 1,
gelatinous body 1, (nimble swimmer 1), tentacles
a: Begin Untransformation


You were on level 2 of the Dungeon.
You were a hulking beast.
You visited 1 branch of the dungeon, and saw 2 of its levels.

You collected 59 gold pieces.

Inventory:

Missiles
 e - 4 poisoned darts (quivered)
Jewellery
 g - an amulet of magic regeneration (around mantle)
Talismans
 b - a beast talisman (active)
 c - a flux talisman
 j - a blade talisman
Scrolls
 d - 4 scrolls of identify {unknown}
 h - a scroll of noise {unknown}
 i - 2 scrolls of acquirement {unknown}
Potions
 a - 3 potions of lignification {!q}
 f - a potion of might {unknown}


   Skills:
 + Level 1.5 Fighting
 + Level 0.8 Throwing
 + Level 2.3 Dodging
 * Level 3.4 Unarmed Combat
 * Level 3.3 Shapeshifting


You had 2 spell levels left.
You didn't know any spells.
Your spell library contained the following spells:

 Spells                   Type           Power      Damage    Failure   Level
 Summon Small Mammal      Summ           0%         N/A       32%         1
 Call Canine Familiar     Summ           0%         N/A       69%         3
 Summon Guardian Golem    Hex/Summ       0%         N/A       69%         3


Dungeon Overview and Level Annotations

Branches:
Dungeon (2/15)

Altars:

Annotations:
D:2 Terence


Innate Abilities, Weirdness & Mutations

You are a hulking beast.
Your limbs bulge with bestial killing power. (Slay +1)
You cannot wear most types of armour.
You are amphibious.
You can wear up to eight rings at the same time.
Your skin changes colour to match your surroundings (Stealth+).
Your rubbery body absorbs attacks. (AC +1, EV +1)
((You are camouflaged when in or above water. (Stealth+)))
You have tentacles for arms and can constrict up to eight enemies at once.


Message History

You tentacle-slap the giant cockroach.
You squeeze the giant cockroach, but do no damage.
The giant cockroach is severely wounded.
The giant cockroach bites you.
You tentacle-slap the giant cockroach but do no damage.
You grab the giant cockroach.
The giant cockroach is severely wounded.
You constrict the giant cockroach, but do no damage.
The giant cockroach closely misses you.
You tentacle-slap the giant cockroach.
You kill the giant cockroach!
Terence hits you with a +0 short sword.
You barely miss Terence. Your grab misses Terence. Your squeeze misses Terence.
Terence closely misses you.
You tentacle-slap Terence. You grab Terence. You squeeze Terence.
Terence is heavily wounded.
You constrict Terence, but do no damage.
Terence hits you with a +0 short sword.
You tentacle-slap Terence but do no damage.
You squeeze Terence.
Terence is severely wounded.
You constrict Terence. Terence hits you with a +0 short sword.
You are too injured to fight recklessly!
You are too injured to fight recklessly!
You are too injured to fight recklessly!
You are too injured to fight recklessly!
You tentacle-slap Terence.
Terence is severely wounded.
You constrict Terence, but do no damage.
Terence hits you with a +0 short sword.
* * * LOW HITPOINT WARNING * * *
You tentacle-slap Terence but do no damage.
You squeeze Terence.
Terence is almost dead.
You constrict Terence, but do no damage.
Terence misses you.
You tentacle-slap Terence but do no damage.
Terence is almost dead.
You constrict Terence. Terence hits you with a +0 short sword.
You die...

.# .. ## .# ##########
.###### . .........$
......#######.#.........
#####......##.#.........
....#...##..............
..†..#..##### #).@......
'###.#..†...###.h.......
.._#.#...##.............
####..#.#######.........
......#.# #...>.....
......#.# ##########
##.####.# .#..# #.#
.'..# ..# .#..# .#


You could see Terence.

Vanquished Creatures
  An adder (D:2)
  A worm (D:2)
  2 endoplasms
  A giant cockroach (D:2)
  2 goblins
  2 hobgoblins (D:1)
  4 quokkas
  6 ball pythons
  2 bats
  A frilled lizard (D:2)
  4 kobolds
  2 rats
28 creatures vanquished.

Vanquished Creatures (others)
  A goblin (D:2)
1 creature vanquished.

Grand Total: 29 creatures vanquished

Notes
Turn   | Place    | Note
-------+----------+-------------------------------------------
     0 | D:1      | mopl the Octopode Shapeshifter began the quest for the Orb.
     0 | D:1      | Reached XP level 1. HP: 13/13 MP: 1/1
   136 | D:1      | Reached XP level 2. HP: 16/18 MP: 2/2
   894 | D:2      | Reached XP level 3. HP: 13/23 MP: 3/3
  1014 | D:2      | Found a faded altar of an unknown god.
  1070 | D:2      | Noticed Terence
  1083 | D:2      | HP: 1/23 [Terence/+0 short sword (6)]
  1085 | D:2      | Slain by Terence

Illustrated notes

Levels and vault maps discovered:
D:1:      dpeg_arrival_stonehenge_12_columns, layout_basic
D:2:      layout_rooms, shapermc_ecumenical_altar_mp_vishouse,
          lemuel_flame_loot_1, uniq_terence

Action                     || total
---------------------------++-------
  Melee: Unarmed           ||    53
         Constrict         ||    14
         Tentacles         ||    12
         Punch             ||     2
   Stab: Sleeping          ||     5
 Armour: Skin              ||    22
  Dodge: Dodged            ||    23

Table legend: (Time is in decaauts)
 A = Elapsed time spent in this place.
 B = Non-inter-level travel time spent in this place.
 C = Inter-level travel time spent in this place.
 D = Time resting spent in this place.
 E = Time spent auto-exploring this place.
 F = Levels seen in this place.
 G = Mean time per level.
                   A        B        C        D        E       F      G
               +--------+--------+--------+--------+--------+-----+--------+
         Total |   1082 |   1034 |     48 |      0 |    852 |   2 |  541.0 |
       Dungeon |   1082 |   1034 |     48 |      0 |    852 |   2 |  541.0 |
               +--------+--------+--------+--------+--------+-----+--------+

Top non-repeatable levels by time:
     D:1: 839 daAuts
     D:2: 242 daAuts
